 Dungeon Crawl Stone Soup version 0.30-a0-778-g2ef04afb54 (webtiles) character file.

Game seed: 11154274390813319595

1460208 browni3141 the Mender (level 25, 234/234 (238) HPs)
             Began as a Hill Orc Summoner on Feb 15, 2023.
             Was a Priest of Elyvilon.
             Escaped with the Orb
             ... and 3 runes on Feb 16, 2023!
             The game lasted 05:11:08 (85347 turns).

browni3141 the Mender (Hill Orc Summoner)          Turns: 85347, Time: 05:11:08

HP:   234/234 (238) AC: 24    Str: 18 (19) XL:     25   Next: 99%
MP:   40/40         EV: 20    Int: 30 (31) God:    Elyvilon [***...]
Gold: 2208          SH: 28    Dex: 10      Spells: 3/40 levels left

rFire   + . .      SeeInvis .    a - +9 broad axe (flame)
rCold   x . .      Faith    .    y - +8 tower shield
rNeg    . . .      Spirit   .    f - +4 scale mail of Evvegh {Regen+ Str+7}
rPois   .          Reflect  .    (helmet restricted)
rElec   +          Harm     .    Y - +4 dragonskin cloak
rCorr   +          Rampage  .    N - +2 pair of gloves
Will    ++...                    h - +2 pair of slick slippers {slick, slippery, EV+5}
Stlth   +                        D - dreamshard necklace {*Dream Drain}
HPRegen 1.39/turn                R - ring "Woigre" {EV+5 Int+4 Stlth+}
MPRegen 0.27/turn                m - ring of Fixation {+Blink rElec rF+ Will+ rCorr}

@: lightly drained
A: antennae 1, clever 1, deterioration 2, inhibited regeneration, weak 1, no
potion heal 1, cold vulnerability 1, inability to drink after injury 1
0: Orb of Zot
}: 3/15 runes: serpentine, barnacled, slimy
a: Renounce Religion, Evoke Blink, Purification, Heal Other, Heal Self


You escaped.
You worshipped Elyvilon.
Elyvilon was most pleased with you.
You visited 10 branches of the dungeon, and saw 48 of its levels.
You also visited: Sewer and Volcano.

You collected 7126 gold pieces.
You spent 4918 gold pieces at shops.

Inventory:

Hand Weapons
 a - a +9 broad axe of flaming (weapon)
Missiles
 s - 6 throwing nets
 u - 4 curare-tipped darts
Armour
 f - the +4 scale mail of Evvegh (worn) {Regen+ Str+7}
   (You bought it in a shop on level 2 of the Elven Halls)

   Str:       It affects your strength (+7).
   Regen:     It increases your rate of health regeneration.
 h - the +2 pair of slick slippers (worn) {slick, slippery, EV+5}
   (You bought it in a shop on level 2 of the Orcish Mines)

   Slick:     Its wearer cannot be constricted, engulfed, netted or webbed.
   Slippery:  It slips away from damaging melee attacks, pulling the attacker
   onward.
   EV:        It affects your evasion (+5).
 t - the +1 cloak of the Apothecary {Str-3 Int+3 Slay+5}
   (You bought it in a shop on level 1 of the Depths)

   Str:       It affects your strength (-3).
   Int:       It affects your intelligence (+3).
   Slay:      It affects your accuracy & damage with ranged weapons and melee
   (+5).
 y - a +8 tower shield (worn)
 N - a +2 pair of gloves (worn)
 V - a +2 helmet
 Y - the +4 dragonskin cloak (worn)
   (You took it off Tiamat on level 2 of the Realm of Zot)

   Avatar's Aegis: It grants the wearer a chance to resist fire, cold, poison,
   electricity, acid, and negative energy.
Jewellery
 b - a ring of protection from cold
 m - the ring of Fixation (right hand) {+Blink rElec rF+ Will+ rCorr}
   (You acquired it on level 10 of the Dungeon)

   [ring of resist corrosion]

   rF:        It protects you from fire.
   rElec:     It insulates you from electricity.
   +Blink:    It lets you blink.
   rCorr:     It protects you from acid and corrosion.
   Will:      It increases your willpower.
 D - the dreamshard necklace (around neck) {*Dream Drain}
   (You found it on level 3 of the Snake Pit)

   [amulet of nothing]

   *Dream:    It shatters if its wearer takes lethal or near-lethal damage,
   preventing the blow and releasing protective dreams that heal and fight for
   the wearer.
   Drain:     It drains your maximum health when unequipped.
 E - a ring of see invisible
 J - a ring of positive energy
 R - the ring "Woigre" (left hand) {EV+5 Int+4 Stlth+}
   (You bought it in a shop on level 2 of the Snake Pit)

   [ring of evasion]

   EV:        It affects your evasion (+5).
   Int:       It affects your intelligence (+4).
   Stlth:     It makes you more stealthy.
 T - the ring "Huew" {rPois rF- rCorr Slay+2}
   (You found it on level 4 of the Shoals)

   [ring of resist corrosion]

   Slay:      It affects your accuracy & damage with ranged weapons and melee
   (+2).
   rF:        It makes you vulnerable to fire.
   rPois:     It protects you from poison.
   rCorr:     It protects you from acid and corrosion.
 U - the ring of Arrival {Fly Will+ Slay+3}
   (You found it on level 5 of the Pits of Slime)

   [ring of willpower]

   Slay:      It affects your accuracy & damage with ranged weapons and melee
   (+3).
   Fly:       It grants you flight.
   Will:      It increases your willpower.
Wands
 H - a wand of charming (19)
 P - a wand of digging (9)
 Q - a wand of polymorph (26)
Scrolls
 c - a scroll of blinking
 e - 10 scrolls of fog
 j - 12 scrolls of fear
 l - a scroll of magic mapping
 B - 12 scrolls of teleportation
 C - 13 scrolls of vulnerability
 F - 5 scrolls of immolation
 I - 5 scrolls of poison
 O - 8 scrolls of amnesia
 S - 2 scrolls of silence
Potions
 d - 14 potions of attraction
 i - 6 potions of brilliance
 n - a potion of magic
 o - 6 potions of heal wounds
 p - 6 potions of berserk rage
 r - 14 potions of lignification
 w - 2 potions of haste
 x - 19 potions of curing
 z - 3 potions of invisibility
 K - a potion of cancellation
 L - 6 potions of flight
 M - 9 potions of might
Miscellaneous
 g - a box of beasts
 q - a phantom mirror
 G - a tin of tremorstones (2/2)
 W - a phial of floods
 X - a piece from Xom's chessboard (15/15)


   Skills:
 + Level 22.2 Fighting
 - Level 20.0 Axes
 - Level 3.0 Ranged Weapons
 - Level 12.0 Armour
 - Level 6.0 Dodging
 - Level 1.5 Stealth
 * Level 20.5 Shields
 - Level 8.0 Spellcasting
 - Level 7.0 Hexes
 - Level 18.0 Summonings
 - Level 6.0 Translocations
 - Level 5.0 Ice Magic
 - Level 4.0 Air Magic
 O Level 27 Invocations
 - Level 10.0 Evocations


You had 3 spell levels left.
You knew the following spells:

 Your Spells              Type           Power      Damage    Failure   Level
a - Summon Hydra          Summ           44%        N/A       11%         7
c - Call Canine Familiar  Summ           88%        N/A       1%          3
d - Summon Guardian Gole  Hex/Summ       72%        N/A       1%          3
e - Summon Lightning Spi  Summ/Air       67%        N/A       2%          4
f - Summon Ice Beast      Ice/Summ       69%        N/A       1%          4
g - Summon Mana Viper     Hex/Summ       72%        N/A       3%          5
h - Summon Cactus Giant   Summ           44%        N/A       1%          6
i - Summon Forest         Summ/Tloc      35%        N/A       4%          5

Your spell library contained the following spells:

 Spells                   Type           Power      Damage    Failure   Level
 Summon Small Mammal      Summ           100%       N/A       0%          1
 Call Imp                 Summ           88%        N/A       1%          2
 Blink                    Tloc           96%        N/A       2%          2
 Ensorcelled Hibernation  Hex/Ice        96%        N/A       2%          2
 Lesser Beckoning         Tloc           96%        N/A       2%          2
 Confusing Touch          Hex            52%        N/A       3%          3
 Gell's Gravitas          Tloc           48%        N/A       5%          3
 Teleport Other           Tloc           48%        N/A       5%          3
 Frozen Ramparts          Ice            84%        1d13      8%          3
 Vhi's Electric Charge    Tloc/Air       84%        N/A       8%          3
 Shock                    Conj/Air       96%        1d9       9%          1
 Momentum Strike          Conj/Tloc      60%        3d9       9%          2
 Swiftness                Air            36%        N/A       12%         3
 Poisonous Vapours        Pois/Air       48%        N/A       14%         2
 Static Discharge         Conj/Air       48%        2-4/arc   14%         2
 Inner Flame              Hex/Fire       33%        N/A       14%         3
 Kindle Blastsparks       Fire/Tloc/Air  62%        2d15      16%         3
 Kiss of Death            Conj/Necr      48%        2d9       21%         1
 Magic Dart               Conj           48%        1d5       21%         1
 Sandblast                Erth           24%        2d8       21%         1
 Passwall                 Tmut/Erth      10%        N/A       30%         2
 Searing Ray              Conj           24%        2d5       30%         2
 Sublimation of Blood     Necr           12%        N/A       30%         2
 Wereblood                Tmut           12%        N/A       30%         2
 Ignite Poison            Fire/Tmut/Pois 12%        N/A       52%         3
 Spider Form              Tmut/Pois      12%        N/A       52%         3
 Stone Arrow              Conj/Erth      24%        3d8       52%         3
 Vampiric Draining        Necr           12%        2d6       52%         3
 Animate Armour           Summ/Erth      100%       N/A       4%          4
 Cause Fear               Hex            26%        N/A       12%         4
 Airstrike                Air            18%        2d(3-19)  36%         4
 Anguish                  Hex/Necr       16%        N/A       43%         4
 Fulminant Prism          Conj/Hex       16%        3d11      43%         4
 Metabolic Englaciation   Hex/Ice        24%        N/A       43%         5
 Ice Form                 Ice/Tmut       27%        N/A       58%         4
 Yara's Violent Unravell  Hex/Tmut       16%        3d8       80%         5
 Freezing Cloud           Conj/Ice/Air   15%        6-21      86%         5
 Dispel Undead            Necr           12%        3d9       90%         4
 Olgreb's Toxic Radiance  Pois           12%        N/A       90%         4
 Petrify                  Tmut/Erth      12%        N/A       90%         4
 Sticky Flame             Conj/Fire      12%        2d4       90%         4
 Arcjolt                  Conj/Air       12%        1d22      94%         5
 Lightning Bolt           Conj/Air       12%        1d25      94%         5
 Dispersal                Tloc           24%        N/A       95%         6
 Blade Hands              Tmut           6%         N/A       99%         5
 Fireball                 Conj/Fire      6%         3d5       99%         5
 Irradiate                Conj/Tmut      6%         3d13      99%         5
 Iskenderun's Battlesphe  Conj           12%        2d7       99%         5
 Conjure Ball Lightning   Conj/Air       12%        3x3d6     100%        6
 Eringya's Noxious Bog    Tmut/Pois      6%         N/A       100%        6
 Iron Shot                Conj/Erth      6%         9d2       100%        6
 Statue Form              Tmut/Erth      8%         N/A       100%        6
 Enfeeble                 Hex            26%        N/A       100%        7
 Orb of Destruction       Conj           6%         9d6       100%        7
 Ozocubu's Refrigeration  Ice            21%        4d12      100%        7
 Discord                  Hex            26%        N/A       100%        8
 Disjunction              Tloc           24%        N/A       100%        8
 Ignition                 Fire           6%         3d4       100%        8
 Maxwell's Capacitive Co  Air            18%        ∞         100%        8
 Chain Lightning          Conj/Air       12%        3d16      100%        9


Dungeon Overview and Level Annotations

Branches:
Dungeon (15/15)            Temple (1/1) D:4            Lair (5/5) D:9
 Shoals (4/4) Lair:2        Snake (4/4) Lair:3        Slime (5/5) Lair:5
    Orc (2/2) D:11            Elf (3/3) Orc:2        Vaults (0/5) D:13
 Depths (4/4) D:15            Zot (5/5) Depths:4      Sewer (visited)
Volcano (visited)

Altars:
Ashenzari
Cheibriados
Dithmenos
Elyvilon
Fedhas
Gozag
Hepliaklqana
Kikubaaqudgha
Makhleb
Nemelex Xobeh
Okawaru
Qazlal
Ru
Sif Muna
Trog
Uskayaw
Vehumet
Wu Jian
Xom
Yredelemnul
Zin
The Shining One
Beogh
Jiyva

Shops:
Orc:2 [*[:   Elf:1 [   Elf:2 [?   Elf:3 *   Snake:1 ==:   Snake:2 (=
Snake:3 :   Depths:1 [

Portals:
Hell: Depths:1 Depths:2 Depths:3
Abyss: Depths:1 Depths:3
Pandemonium: Depths:1 Depths:2
Ziggurat: Depths:4

Annotations:
Snake:4 Mara
Orc:1 3 runed translucent doors, exclusion: obsidian statue, Monkooky's ghost, journeyman FoAr
Depths:1 3 runed translucent doors, exclusion: 3 doors, Funiw's ghost, adept TrMo
Depths:4 exclusion: hell hog
Zot:5 1 runed translucent door, particleface's ghost, veteran MeSu


Innate Abilities, Weirdness & Mutations

You have a pair of small antennae on your head.
Your mind is acute. (Int +4, Str/Dex -1)
Your body often deteriorates upon taking damage.
You do not regenerate when monsters are visible.
You are weak. (Str -2)
Potions are less effective at restoring your health.
You are vulnerable to cold. (rC-)
You occasionally lose the ability to drink potions when taking damage.


Message History

The hell hound is severely wounded.
The hell hound barely misses you.
You barely miss the hell hound.
The hell hound is heavily wounded.
You block the hell hound's attack. x2
You closely miss the hell hound.
The hell hound is heavily wounded.
You hit the chaos spawn. You burn the chaos spawn.
The chaos spawn is moderately wounded.
You hit the chaos spawn. You burn the chaos spawn.
The chaos spawn is moderately wounded.
You block the chaos spawn's attack.
You open the chaos spawn like a pillowcase!!!
You burn the chaos spawn.
You kill the chaos spawn!
The chaos spawn degenerates into a cloud of primal chaos!
You slash the hell hound!
The hell hound is severely wounded.
The hell hound is engulfed in seething chaos.
You block the hell hound's attack.
The hell hound is engulfed in seething chaos.
The hell hound breathes flames at you.
The blast of flame hits you but does no damage.
You slice the hell hound!!
You kill the hell hound!
No target in view!
There is a stone staircase leading up here.
Things that are here:
a stone; a +0 dagger You climb upwards.
There is a stone staircase leading down here.
A rust devil comes into view.
You slice the rust devil!!
The rust devil is heavily wounded.
You slice the rust devil!!
You kill the rust devil!
No target in view!
No target in view!
There is a staircase leading out of the dungeon here.
You have escaped!

#.########...#####.#######.##.###
#.# #.....# #.# #.##.### #.#
##.#.## #.# #....... #.#
#.#.####.#######.####.# #.#
###.##...........####.. #.#
#.####.............## #.#
#.##.###.##..#.###### #.######
#.##># #.##..#.### # #......#
#.##@# #.........# # ######.#
#.##.# ####..#.###### #.# #.##.#
#.......... #.# #....#
#..#....... #.######.####
#..#.###### #........#
#..#.###### ##########
#.......... ##.#.#####. #.#.# #.


There were no monsters in sight!

Vanquished Creatures
  the Royal Jelly (Slime:5)
  Tiamat (Zot:2)
  6 orbs of fire
  3 golden dragons
  2 bone dragons (Depths:4)
  4 electric golems
  4 tentacled monstrosities
  A Hell Sentinel (Zot:1)
  25 Orb Guardians
  3 titans (Zot:3)
  16 acid blobs
  A deep elf blademaster (Elf:2)
  5 quicksilver dragons
  4 death cobs
  8 storm dragons
  12 rockslimes
  2 nagarajas
  3 draconian monks
  11 azure jellies
  An iron dragon (Depths:4)
  4 fire giants
  2 frost giants
  5 draconian scorchers
  A deep elf sorcerer (Elf:3)
  3 ghost moths
  A balrug (D:12)
  3 draconian shifters
  7 quicksilver oozes
  A draconian stormcaller (Zot:2)
  2 deep elf elementalists (Elf:3)
  2 draconian annihilators
  A caustic shrike skeleton (Depths:2)
  A very ugly thing (Depths:1)
  5 stone giants
  6 black draconians
  11 white draconians
  A deep elf annihilator (Elf:3)
  6 red draconians
  9 yellow draconians
  3 green draconians
  10 purple draconians
  9 spark wasps
  A dire elephant (Zot:2)
  2 deep elf death magi (Elf:3)
  A green death (D:12)
  5 ettins
  A merfolk javelineer (Depths:2)
  3 fire dragons
  A jiangshi (Depths:3)
  The ghost of tarna41 the Fighter, a journeyman MiBe of Trog (D:9)
  A deep elf high priest (Elf:3)
  3 great orbs of eyes (Slime:5)
  3 ice dragons
  A catoblepas (Lair:5)
  A hydra (Lair:3)
  A centaur warrior (D:13)
  3 anacondas
  3 deep troll earth magi
  A merfolk avatar (Shoals:4)
  A naga warrior (Snake:1)
  2 deep troll shamans
  12 dancing weapons
  A satyr (Shoals:1)
  2 two-headed ogres
  A tengu warrior (Depths:3)
  2 death yaks
  7 deep elf knights
  A naga sharpshooter (Snake:4)
  A shock serpent (Snake:1)
  A hell knight (Depths:2)
  3 sun demons
  2 orc high priests
  4 iron trolls
  2 glowing orange brains
  8 deep trolls
  A naga ritualist (Snake:4)
  A sea snake (Snake:4)
  2 orc knights
  2 wizards
  2 deep elf archers (Elf:1)
  2 harpies (Shoals:4)
  8 deep elf pyromancers
  A mana viper (Snake:4)
  An ugly thing (D:15)
  9 deep elf zephyrmancers
  A salamander (Snake:3)
  A frost giant zombie (Depths:2)
  4 manticores
  19 moths of wrath
  6 elephants
  A smoke demon (Depths:4)
  A guardian serpent (Snake:4)
  8 black mambas
  2 merfolk sirens
  A rust devil (D:1)
  A hellion (D:10)
  A water nymph (Shoals:4)
  2 cane toads
  An eye of devastation (Slime:2)
  A molten gargoyle (Volcano)
  An ice devil (D:15)
  2 polar bears
  A troll (D:10)
  4 merfolk
  A blink frog (Lair:4)
  2 snapping turtles
  5 dream sheep
  An air elemental (Elf:3)
  3 wraiths
  A wyvern (D:10)
  8 yaks
  4 humans (Zot:2)
  39 slime creatures
  A neqoxec (Zot:1)
  5 fire bats (Volcano)
  3 fire elementals
  12 water elementals
  A chaos spawn (D:2)
  2 redbacks (shapeshifter)
  8 golden eyes
  2 nagas
  6 water moccasins
  4 hell hounds
  An ice beast (D:6)
  A sky beast (D:8)
  Pargi (Sewer)
  4 orc warriors
  2 black bears
  3 centaurs
  3 ogres (Orc:2)
  6 wolves
  A kobold brigand (D:7)
  A gnoll sergeant (D:10)
  6 bullfrogs
  3 earth elementals
  A necrophage (D:3)
  7 wights (D:7)
  2 killer bees (D:9)
  4 electric eels (D:14)
  13 nameless horrors
  5 howler monkeys
  6 lava snakes (Volcano)
  A hound (D:5)
  3 jellies
  7 orc priests
  3 iguanas
  12 orc wizards
  15 gnolls
  6 adders
  5 river rats (Lair:5)
  2 shadow imps
  2 white imps (D:7)
  2 worms
  A dart slug (D:3)
  The ghost of Esekla the Sneak, a weakling VSDe (D:5)
  47 orcs
  2 endoplasms
  2 giant cockroaches
  4 hobgoblins (D:3)
  2 jackals (D:3)
  2 quokkas
  3 ball pythons
  3 bats
  7 frilled lizards
  8 kobolds
  10 rats
703 creatures vanquished.

Vanquished Creatures (collateral kills)
  An ancient lich (Zot:5)
  A dread lich (Zot:5)
  3 orbs of fire (Zot:5)
  A juggernaut (Depths:4)
  5 Killer Klowns
  2 golden dragons
  3 electric golems
  A walking crystal tome (Depths:2)
  3 tentacled monstrosities
  Jorgrun (Elf:1)
  2 liches
  2 Orb Guardians (Zot:5)
  2 titans (Zot:3)
  A deep elf blademaster (Elf:3)
  2 quicksilver dragons
  A walking frostbound tome (Depths:2)
  2 death cobs (Zot:1)
  2 acid blobs
  2 shadow dragons
  4 tengu reavers
  3 storm dragons
  3 azure jellies
  4 rockslimes
  3 draconian monks
  A deep elf sorcerer (Elf:3)
  2 fire giants
  A caustic shrike zombie (Depths:2)
  A nagaraja (Snake:4)
  2 draconian knights
  A frost giant (Depths:3)
  A draconian scorcher (Zot:4)
  A draconian shifter (Zot:4)
  An iron dragon (Depths:4)
  A spriggan defender (Depths:1)
  A draconian annihilator (Zot:4)
  A deep elf elementalist (Elf:3)
  A very ugly thing (Depths:1)
  4 quicksilver oozes
  6 stone giants
  2 vampire knights
  2 black draconians
  4 green draconians
  A deep elf demonologist (Elf:3)
  3 white draconians
  3 purple draconians
  2 red draconians
  5 yellow draconians
  6 deep elf annihilators
  The ghost of porpoise the Covert, a journeyman GnEn of Hepliaklqana (Lair:3)
  3 spark wasps (Depths:2)
  Snorg (Lair:5)
  A blizzard demon (Depths:2)
  3 deep elf death magi (Elf:3)
  A merfolk javelineer (Shoals:4)
  7 ettins
  A jiangshi (Depths:3)
  3 great orbs of eyes
  2 fire dragons
  2 deep elf high priests (Elf:3)
  5 merfolk impalers
  A salamander tyrant (Snake:3)
  3 rakshasas
  A hell beast (Zot:1)
  5 hydras
  2 ice dragons
  3 spriggan air magi
  5 centaur warriors
  4 merfolk avatars
  6 dancing weapons
  3 anacondas
  3 boulder beetles
  2 two-headed ogres
  3 merfolk aquamancers
  The ghost of pigah the Zephyrmancer, a journeyman OpWn of Gozag (D:10)
  7 naga warriors
  8 tengu warriors
  5 shock serpents
  2 deep troll earth magi (Depths:2)
  A spriggan berserker (Depths:2)
  4 deep elf knights
  4 vampire magi
  An orc high priest (Orc:2)
  9 naga sharpshooters
  A soul eater (Depths:1)
  6 salamander mystics
  2 skeletal warriors (D:15)
  9 sea snakes
  5 deep trolls
  A shadow demon (Depths:1)
  2 skysharks
  4 deep elf archers
  2 naga ritualists
  A lindwurm (Lair:5)
  A wizard (D:15)
  5 orc sorcerers
  15 deep elf zephyrmancers
  A necromancer (Depths:2)
  8 deep elf pyromancers
  2 mana vipers
  2 fauns (Shoals:1)
  15 harpies
  3 orc knights
  17 salamanders
  8 shining eyes
  An oklob plant (D:11)
  6 elephants
  14 manticores
  7 ugly things
  2 guardian serpents (Snake:3)
  4 moths of wrath
  7 merfolk sirens
  3 cyclopes
  11 black mambas
  3 water nymphs
  A fire giant skeleton (Depths:2)
  5 naga magi
  8 cane toads
  A molten gargoyle (Volcano)
  A rust devil (Depths:1)
  A rime drake (shapeshifter) (Depths:2)
  2 rime drakes
  7 komodo dragons
  An unseen horror (D:12)
  A freezing wraith (D:13)
  A kobold demonologist (D:12)
  5 tengu conjurers
  A troll (Orc:2)
  26 merfolk
  2 polar bears (Lair:5)
  A meliai (shapeshifter) (D:14)
  11 nameless horrors
  5 wind drakes
  6 blink frogs
  10 dream sheep
  7 snapping turtles
  A jumping spider (shapeshifter) (D:15)
  16 slime creatures
  4 wyverns
  A centaur simulacrum (D:15)
  15 water elementals
  3 humans (Zot:2)
  2 vampires
  A wraith (D:13)
  A basilisk (Lair:2)
  A steam dragon (D:8)
  6 golden eyes
  4 fire elementals
  2 neqoxecs (Depths:1)
  14 yaks
  20 nagas
  6 vampire mosquitoes
  11 water moccasins
  An acid dragon (D:14)
  2 hell hounds (Orc:1)
  A floating eye (Depths:4)
  19 orc warriors
  6 wolves
  2 ogres
  A kobold brigand (D:8)
  2 bullfrogs
  2 scorpions
  3 wights
  6 killer bees (D:11)
  A howler monkey (D:5)
  An electric eel (D:14)
  2 lava snakes (Volcano)
  A hound (D:5)
  5 orc priests
  2 iguanas
  14 orc wizards
  Natasha (thrice) (D:2)
  2 hell rats (Lair:5)
  7 gnolls
  3 adders
  A river rat (Lair:5)
  2 worms
  29 orcs
  3 endoplasms
  A giant cockroach (D:2)
  3 goblins
  3 hobgoblins
  4 jackals (D:2)
  5 quokkas
  5 ball pythons
  2 bats (D:1)
  2 frilled lizards (D:1)
  6 kobolds
  3 rats
754 creatures vanquished.

Vanquished Creatures (others)
  2 orbs of fire (Zot:3)
  A lich (Depths:1)
  A deep elf master archer (Elf:3)
  2 acid blobs (Slime:5)
  A sphinx (Depths:2)
  The ghost of bronco the Markshill orc, an adept HOHu of Okawaru (Snake:2)
  2 tengu reavers (Depths:1)
  Ilsuiw (Shoals:3)
  A shadow dragon (Depths:4)
  A storm dragon (Zot:5)
  3 nagarajas
  A fire giant (Depths:1)
  A draconian knight (Zot:2)
  2 azure jellies (Slime:1)
  A draconian annihilator (Zot:3)
  A very ugly thing (Depths:2)
  A quicksilver ooze (Slime:5)
  2 stone giants
  A deep elf annihilator (Elf:3)
  A white draconian (Zot:4)
  A purple draconian (Zot:5)
  A spark wasp (Depths:2)
  3 merfolk impalers
  2 deep elf death magi
  3 merfolk javelineers
  2 ettins
  Josephine (D:13)
  2 deep elf high priests (Elf:3)
  A merfolk avatar (Shoals:3)
  An ice dragon (Depths:4)
  4 rakshasas
  Fannar (D:11)
  A hydra (D:15)
  A boulder beetle (D:14)
  A catoblepas (Lair:5)
  A spriggan air mage (Depths:1)
  6 anacondas
  6 centaur warriors
  2 two-headed ogres
  3 satyrs
  2 deep troll shamans
  10 death yaks
  3 shock serpents
  2 merfolk aquamancers
  A deep troll earth mage (Depths:1)
  7 naga warriors
  An orc high priest (Orc:2)
  6 naga sharpshooters
  3 deep elf knights (Elf:1)
  A sun demon (Depths:1)
  A salamander mystic (Snake:3)
  A skeletal warrior (D:15)
  5 sea snakes
  3 deep trolls
  A skyshark (Shoals:2)
  6 naga ritualists
  2 deep elf archers
  2 deep elf zephyrmancers
  An orc knight (Orc:2)
  8 harpies
  8 ugly things
  2 manticores
  2 fauns (Shoals:1)
  A shining eye (Slime:1)
  7 mana vipers
  2 oklob plants (D:11)
  5 salamanders (Snake:3)
  An orc sorcerer (Orc:2)
  4 cyclopes
  13 elephants
  23 black mambas
  4 naga magi
  2 guardian serpents
  A gargoyle (D:10)
  A cane toad (Lair:1)
  5 komodo dragons
  3 tengu conjurers
  3 freezing wraiths
  A meliai (D:10)
  11 merfolk
  2 wind drakes
  3 trolls
  A hornet (D:7)
  A snapping turtle (Shoals:4)
  2 dream sheep
  A shadow (D:12)
  An air elemental (Elf:1)
  5 slime creatures
  2 wyverns
  7 water elementals
  8 yaks
  A basilisk (Lair:2)
  2 wraiths
  A warg (Orc:2)
  19 nagas
  An acid dragon (D:10)
  2 hell hounds (D:14)
  A water moccasin (Lair:4)
  7 orc warriors
  A black bear (Lair:2)
  5 ogres
  3 wolves (Lair:1)
  A centaur (D:13)
  A bullfrog (Lair:3)
  A gnoll sergeant (D:9)
  3 wights
  A hornet simulacrum (D:14)
  2 killer bees (D:9)
  A howler monkey (D:10)
  An orc priest (Orc:2)
  An orc wizard (D:9)
  A nameless horror (Lair:5)
  3 gnolls
  11 orcs
  An endoplasm (Lair:5)
  4 bushes
  23 fungi
  183 plants
  23 snaplasher vines
  2 withered plants (Zot:5)
574 creatures vanquished.

Grand Total: 2031 creatures vanquished

Notes
Turn   | Place    | Note
-------+----------+-------------------------------------------
     0 | D:1      | browni3141 the Hill Orc Summoner began the quest for the
                  | Orb.
     0 | D:1      | Reached XP level 1. HP: 14/14 MP: 3/3
   142 | D:1      | Reached skill level 1 in Fighting
   305 | D:1      | Reached XP level 2. HP: 23/23 MP: 4/4
   802 | D:1      | Learned a level 2 spell: Call Imp
  1281 | D:2      | Noticed Natasha
  1329 | D:2      | Reached XP level 3. HP: 28/28 MP: 2/5
  1508 | D:2      | Learned a level 3 spell: Call Canine Familiar
  1607 | D:2      | Reached XP level 4. HP: 35/35 MP: 7/7
  1619 | D:2      | Identified the +4 sling "Naochaat" {flame, Dex+4 Stlth-}
  1872 | D:2      | Reached skill level 5 in Summonings
  2067 | D:2      | Killed Natasha
  2237 | D:2      | Noticed Natasha
  2243 | D:2      | Killed Natasha
  2244 | D:2      | Reached skill level 1 in Ranged Weapons
  2244 | D:2      | Reached XP level 5. HP: 30/40 MP: 4/8
  2336 | D:2      | Noticed Natasha
  2358 | D:2      | Killed Natasha
  3038 | D:3      | Found a faded altar of an unknown god.
  3053 | D:3      | Reached XP level 6. HP: 45/47 MP: 10/10
  3099 | D:3      | Found a glowing drain.
  3119 | Sewer    | Entered a sewer
  3138 | Sewer    | Noticed Pargi
  3152 | Sewer    | Killed Pargi
  3915 | D:4      | Reached XP level 7. HP: 52/52 MP: 11/11
  3950 | D:4      | Reached skill level 1 in Armour
  3950 | D:4      | Reached skill level 1 in Hexes
  4169 | D:4      | Found a staircase to the Ecumenical Temple.
  4192 | Temple   | Entered the Ecumenical Temple
  4333 | Temple   | Became a worshipper of Elyvilon the Healer
  4497 | D:4      | You fall into a shaft and drop 1 floor!
  4497 | D:5      | Entered Level 5 of the Dungeon
  4527 | D:5      | Reached skill level 1 in Invocations
  4702 | D:5      | Reached skill level 2 in Invocations
  4721 | D:5      | Found a runed translucent gate.
  4722 | D:5      | Noticed Esekla's ghost (weakling VSDe)
  4725 | D:5      | Reached XP level 8. HP: 61/63 MP: 9/12
  4809 | D:5      | Found a runed translucent gate.
  4809 | D:5      | Found a runed translucent gate.
  4833 | D:5      | Reached skill level 3 in Invocations
  4900 | D:5      | Reached * piety under Elyvilon
  5021 | D:5      | Found a faded altar of an unknown god.
  5021 | D:5      | Found a stormy altar of Qazlal.
  5029 | D:5      | Found an iron altar of Okawaru.
  5058 | D:5      | Found a basalt altar of Yredelemnul.
  5060 | D:5      | Found an ancient bone altar of Kikubaaqudgha.
  5211 | D:5      | Killed Esekla's ghost
  5344 | D:6      | Learned a level 3 spell: Summon Guardian Golem
  5481 | D:6      | Reached skill level 4 in Invocations
  5658 | D:6      | Reached skill level 5 in Invocations
  5970 | D:6      | Reached ** piety under Elyvilon
  6271 | D:6      | Found a sacrificial altar of Ru.
  6271 | D:6      | Found a shimmering blue altar of Sif Muna.
  6357 | D:7      | Noticed a hornet
  6372 | D:7      | Killed a hornet
  6373 | D:7      | Reached skill level 6 in Invocations
  6461 | D:7      | Reached skill level 7 in Invocations
  6461 | D:7      | Reached XP level 9. HP: 68/71 MP: 12/14
  6738 | D:7      | Reached skill level 8 in Invocations
  6827 | D:7      | Found a shadowy altar of Dithmenos.
  6968 | D:7      | Reached skill level 9 in Invocations
  7834 | D:8      | Reached skill level 10 in Invocations
  8039 | D:8      | Reached *** piety under Elyvilon
  8154 | D:8      | Learned a level 4 spell: Summon Lightning Spire
  8164 | D:8      | Found a hazy altar of Hepliaklqana.
  8317 | D:8      | Reached skill level 1 in Air Magic
  8568 | D:8      | Found an ornate altar of the Wu Jian Council.
  8756 | D:9      | Noticed a death yak
  8756 | D:9      | Noticed a death yak
  8756 | D:9      | Noticed a death yak
  8756 | D:9      | Noticed a death yak
  8756 | D:9      | Noticed a two-headed ogre
  8756 | D:9      | Found a staircase to the Lair.
  8757 | D:9      | Noticed a death yak
  9091 | D:9      | Found a runed translucent gate.
  9091 | D:9      | Found a runed translucent gate.
  9091 | D:9      | Found a runed translucent gate.
  9091 | D:9      | Noticed tarna41's ghost (journeyman MiBe)
  9223 | D:9      | Killed a death yak
  9224 | D:9      | Reached skill level 11 in Invocations
  9224 | D:9      | Reached XP level 10. HP: 52/78 MP: 14/18
  9224 | D:9      | Killed a death yak
  9255 | D:9      | Killed a death yak
  9383 | D:9      | Killed a two-headed ogre
  9384 | D:9      | Reached skill level 12 in Invocations
  9425 | D:9      | Noticed a death yak
  9433 | D:9      | Killed a death yak
  9434 | D:9      | Reached skill level 10 in Summonings
  9434 | D:9      | Reached skill level 13 in Invocations
  9442 | D:9      | Killed a death yak
  9443 | D:9      | Reached XP level 11. HP: 84/84 MP: 12/21
  9450 | D:9      | Killed a death yak
  9451 | D:9      | Reached skill level 14 in Invocations
  9704 | D:9      | Reached **** piety under Elyvilon
 10352 | D:9      | Killed tarna41's ghost
 10353 | D:9      | Reached skill level 15 in Invocations
 10401 | D:10     | Entered Level 10 of the Dungeon
 10832 | D:10     | Noticed a centaur warrior
 10866 | D:10     | Killed a centaur warrior
 10892 | D:10     | Reached skill level 16 in Invocations
 11289 | D:10     | Found a runed translucent gate.
 11289 | D:10     | Found a runed translucent gate.
 11289 | D:10     | Found a runed translucent gate.
 11290 | D:10     | Noticed a 12-headed hydra
 11290 | D:10     | Noticed a nine-headed hydra
 11290 | D:10     | Noticed pigah's ghost (journeyman OpWn)
 11453 | D:10     | Noticed a cyclops
 11465 | D:10     | Killed a cyclops
 11569 | D:10     | Learned a level 4 spell: Summon Ice Beast
 11630 | D:10     | Noticed a two-headed ogre
 11640 | D:10     | Killed a two-headed ogre
 11641 | D:10     | Reached skill level 1 in Ice Magic
 11646 | D:10     | Reached skill level 17 in Invocations
 12137 | D:10     | Noticed a fire dragon
 12138 | D:10     | Pacified a fire dragon
 12438 | Lair:1   | Entered Level 1 of the Lair of Beasts
 12652 | D:9      | Reached XP level 12. HP: 91/91 MP: 17/24
 13098 | D:9      | Found a staircase to the Lair.
 13547 | Lair:1   | Reached skill level 18 in Invocations
 14084 | Lair:1   | Reached skill level 19 in Invocations
 14310 | Lair:1   | Found a snail-covered altar of Cheibriados.
 14867 | Lair:2   | Found a staircase to the Shoals.
 14886 | Lair:2   | Reached skill level 20 in Invocations
 15123 | Lair:2   | Reached ***** piety under Elyvilon
 15485 | Lair:2   | Reached skill level 21 in Invocations
 15969 | Lair:2   | Reached XP level 13. HP: 96/96 MP: 19/27
 16428 | Lair:2   | Identified the +6 dire flail of Massacring {heavy, Will+
                  | rCorr Int+3 Dex-3}
 16607 | Lair:2   | Reached skill level 22 in Invocations
 16854 | Lair:3   | Noticed porpoise's ghost (journeyman GnEn)
 16861 | Lair:3   | Found a runed translucent gate.
 16861 | Lair:3   | Found a runed translucent gate.
 16872 | Lair:3   | Found a runed translucent gate.
 17120 | Lair:3   | Found a staircase to the Snake Pit.
 17664 | Lair:3   | Found an ancient bone altar of Kikubaaqudgha.
 18571 | Lair:3   | Reached skill level 23 in Invocations
 18637 | Lair:3   | Killed porpoise's ghost
 20001 | Lair:5   | Entered Level 5 of the Lair of Beasts
 20002 | Lair:5   | Noticed Nessos
 20289 | Lair:5   | Reached skill level 5 in Fighting
 20533 | Lair:4   | Reached XP level 14. HP: 87/107 MP: 23/29
 20965 | Lair:5   | Noticed Snorg
 20972 | Lair:5   | Killed Snorg
 21097 | Lair:5   | Reached skill level 5 in Spellcasting
 21554 | Lair:5   | Reached skill level 5 in Hexes
 21656 | Lair:5   | Nessos changed into Nessos the moth of wrath
 21656 | Lair:5   | Noticed Nessos
 21665 | Lair:5   | Killed Nessos the moth of wrath
 21716 | Lair:5   | Reached skill level 1 in Evocations
 21805 | Lair:5   | Reached ****** piety under Elyvilon
 21986 | Lair:5   | Reached skill level 24 in Invocations
 22183 | Lair:5   | Found a staircase to the Slime Pits.
 22183 | Lair:5   | Found a viscous altar of Jiyva.
 23313 | D:10     | Killed pigah's ghost
 23480 | D:10     | Identified a scroll of acquirement
 23484 | D:10     | Acquired the ring of Fixation {+Blink rElec rF+ Will+
                  | rCorr}
 23662 | D:11     | Noticed Fannar
 23684 | D:11     | Killed Fannar
 23936 | D:11     | Found a staircase to the Orcish Mines.
 24609 | Orc:1    | Entered Level 1 of the Orcish Mines
 24874 | Orc:1    | Found a runed translucent gate.
 24874 | Orc:1    | Found a runed translucent gate.
 24874 | Orc:1    | Found an opulent altar of Gozag.
 24874 | Orc:1    | Found a runed translucent gate.
 24874 | Orc:1    | Noticed Monkooky's ghost (journeyman FoAr)
 24894 | Orc:1    | Found a dark tunnel.
 24959 | Volcano  | Entered a volcano
 25063 | Volcano  | Reached XP level 15. HP: 114/123 MP: 26/31
 25453 | Volcano  | Found a radiant altar of Vehumet.
 26286 | Orc:1    | Reached skill level 5 in Evocations
 26651 | Orc:2    | Entered Level 2 of the Orcish Mines
 26654 | Orc:2    | Noticed an orc warlord
 26656 | Orc:2    | Pacified an orc warlord
 27377 | Orc:2    | Reached skill level 10 in Fighting
 27547 | Orc:2    | Found Ropset's Book Emporium.
 27727 | Orc:2    | Found a staircase to the Elven Halls.
 27898 | Orc:2    | Found Sosat's Distillery.
 27903 | Orc:2    | Found Toluegea's Armour Emporium.
 28030 | Orc:2    | Found Onios's General Store.
 28032 | Orc:2    | Found Wena's Antique Armour Shop.
 28064 | Orc:2    | Bought the +2 pair of slick slippers {slick, slippery,
                  | EV+5} for 1317 gold pieces
 28064 | Orc:2    | Found the +2 pair of slick slippers {slick, slippery, EV+5}
 28078 | Orc:2    | Bought a scroll of immolation for 56 gold pieces
 28078 | Orc:2    | Bought a scroll of identify for 28 gold pieces
 28078 | Orc:2    | Bought a scroll of magic mapping for 105 gold pieces
 28095 | Orc:2    | Bought a +1 pair of gloves of infusion for 247 gold pieces
 28102 | Orc:2    | Bought a potion of mutation for 112 gold pieces
 28102 | Orc:2    | Bought a potion of mutation for 112 gold pieces
 28102 | Orc:2    | Bought 2 potions of curing for 84 gold pieces
 28102 | Orc:2    | Bought a potion of invisibility for 112 gold pieces
 28102 | Orc:2    | Bought a potion of curing for 42 gold pieces
 28106 | Orc:2    | Bought a potion of brilliance for 56 gold pieces
 28260 | D:12     | Reached skill level 25 in Invocations
 28936 | D:12     | Reached XP level 16. HP: 139/139 MP: 32/32
 30312 | D:13     | Noticed Josephine
 30332 | D:13     | Killed Josephine
 30333 | D:13     | Reached skill level 26 in Invocations
 30910 | D:13     | Found a gate to the Vaults.
 31070 | D:14     | Noticed Azrael
 31458 | D:14     | Pacified Azrael
 31615 | D:14     | Found a roughly hewn altar of Beogh.
 31863 | D:14     | Reached XP level 17. HP: 150/150 MP: 34/34
 32146 | D:14     | Found the +2 cloak of the Thief {*Fog Slay-2 SInv Stlth+}
 32476 | D:15     | Entered Level 15 of the Dungeon
 33014 | D:15     | Found a staircase to the Depths.
 33853 | Snake:1  | Entered Level 1 of the Snake Pit
 34192 | Snake:1  | Reached skill level 27 in Invocations
 34373 | Snake:1  | Reached skill level 15 in Fighting
 34834 | Snake:1  | Found Vuomema's Book Shop.
 34834 | Snake:1  | Found Cede's Jewellery Shoppe.
 34909 | Snake:1  | Found Umuyck's Jewellery Shoppe.
 35199 | Snake:2  | Found Pizxeb's Weapon Boutique.
 36222 | Snake:2  | Found a runed translucent gate.
 36222 | Snake:2  | Found a runed translucent gate.
 36818 | Snake:2  | Found a runed translucent gate.
 36820 | Snake:2  | Noticed bronco's ghost (adept HOHu)
 37023 | Snake:2  | Found Malug's Jewellery Shop.
 37031 | Snake:2  | Bought the ring "Woigre" {EV+5 Int+4 Stlth+} for 704 gold
                  | pieces
 37259 | Snake:2  | Killed bronco's ghost
 37623 | Snake:3  | Reached XP level 18. HP: 146/172 MP: 14/35
 37746 | Snake:3  | Found Peizaxug's Book Emporium.
 37753 | Snake:3  | Found the dreamshard necklace {*Dream Drain}
 40322 | Snake:4  | Entered Level 4 of the Snake Pit
 40531 | Snake:4  | Reached skill level 5 in Armour
 40677 | Snake:4  | Noticed Mara
 40682 | Snake:4  | Noticed browni3141's illusion
 40953 | Snake:4  | Noticed Vashnia
 40956 | Snake:4  | Pacified Vashnia
 41874 | Snake:4  | Reached skill level 1 in Shields
 42605 | Snake:4  | Got a serpentine rune of Zot
 42806 | Snake:4  | Noticed browni3141's illusion
 42891 | Snake:4  | Reached skill level 5 in Shields
 42891 | Snake:4  | Reached XP level 19. HP: 60/174 MP: 2/36
 43207 | Snake:4  | Noticed browni3141's illusion
 43495 | Shoals:1 | Entered Level 1 of the Shoals
 45720 | Shoals:2 | Noticed Nikola
 45892 | Shoals:2 | Pacified Nikola
 46269 | Shoals:3 | Noticed Ilsuiw
 47573 | Shoals:3 | Killed Ilsuiw
 47836 | Shoals:4 | Entered Level 4 of the Shoals
 47874 | Shoals:4 | Reached skill level 10 in Shields
 48632 | Shoals:4 | Reached XP level 20. HP: 181/193 MP: 21/37
 49917 | Shoals:4 | Identified the ring "Huew" {rPois rF- rCorr Slay+2}
 50026 | Shoals:4 | Got a barnacled rune of Zot
 50269 | Orc:2    | Bought a box of beasts for 560 gold pieces
 50299 | Elf:1    | Entered Level 1 of the Elven Halls
 50355 | Elf:1    | Identified the +2 ring mail of Gairuek {rN+}
 50985 | Elf:1    | Noticed Jorgrun
 51012 | Elf:1    | Killed Jorgrun
 51290 | Elf:1    | Got Vehumet's Essays on Bolts
 51473 | Elf:1    | Paralysed by an air elemental for 1 turns
 52021 | Elf:1    | Found Kocsoosi's Antique Armour Emporium.
 52534 | Elf:1    | Reached skill level 1 in Axes
 52898 | Elf:2    | Found Ymedair's Magic Scroll Emporium.
 52940 | Elf:2    | Found Qenad's Antique Armour Emporium.
 53211 | Elf:2    | Found a runed translucent gate.
 53211 | Elf:2    | Found a runed translucent gate.
 53211 | Elf:2    | Found a runed translucent gate.
 53547 | Elf:2    | Reached skill level 5 in Ice Magic
 53668 | Elf:2    | Reached skill level 10 in Evocations
 54538 | Elf:3    | Entered Level 3 of the Elven Halls
 54724 | Elf:3    | Found Uwullogg's Assorted Antiques.
 54806 | Elf:3    | Paralysed by an air elemental for 1 turns
 55821 | Elf:3    | Reached XP level 21. HP: 153/201 MP: 15/38
 55884 | Elf:3    | Reached skill level 5 in Axes
 56440 | Elf:3    | Got the Dissertation on Shapes and Beguiling
 56444 | Elf:3    | Got the Catalogue of the Swarm and the Sixfirhy
 56451 | Elf:3    | Identified the +12 giant spiked club of Pisos {drain, rElec
                  | rF- Dex+3}
 56514 | Elf:3    | Got the Cyclopedia of Assembled Blasts
 56588 | Elf:3    | Learned a level 5 spell: Summon Mana Viper
 56595 | Elf:3    | Learned a level 6 spell: Summon Cactus Giant
 56601 | Elf:3    | Learned a level 5 spell: Summon Forest
 57172 | Depths:1 | Entered Level 1 of the Depths
 57394 | Slime:1  | Entered Level 1 of the Pits of Slime
 57590 | Slime:1  | Reached skill level 1 in Translocations
 58115 | Depths:1 | Noticed Sojobo
 58353 | Depths:1 | Pacified Sojobo
 58677 | Depths:1 | Found an iron altar of Okawaru.
 59219 | Depths:1 | Identified the +0 hand axe "Ruko" {freeze, rElec rCorr
                  | Str+3 Dex-4}
 59297 | Depths:1 | Found a runed translucent gate.
 59297 | Depths:1 | Found a runed translucent gate.
 59297 | Depths:1 | Found a runed translucent gate.
 59297 | Depths:1 | Noticed a dread lich
 59298 | Depths:1 | Noticed an ancient lich
 59298 | Depths:1 | Noticed Funiw's ghost (adept TrMo)
 59300 | Depths:1 | Found the +7 mace of Variability {chaos, chain chaos}
 59579 | Depths:1 | Found a gateway to Hell.
 59639 | Depths:1 | Found a sparkling altar of Nemelex Xobeh.
 59683 | Depths:1 | Noticed Asterion
 59700 | Depths:1 | Pacified Asterion
 59770 | Depths:1 | Found a one-way gate leading to the halls of Pandemonium.
 59776 | Depths:1 | Found a one-way gate to the infinite horrors of the Abyss.
 60007 | Depths:1 | Found Hiept's Armour Boutique.
 61055 | Depths:2 | Reached skill level 15 in Summonings
 61058 | Depths:2 | Reached skill level 10 in Axes
 61083 | Depths:2 | Found the Hermit's Pendant {Faith Invo=14 Evo=0 MP+5}
 61386 | Depths:2 | Identified the +5 halberd of Fedhas's Vengeance {flame, rF+
                  | Int+2 Stlth+}
 61398 | Depths:2 | Reached XP level 22. HP: 125/209 MP: 5/39
 61399 | Depths:2 | Reached skill level 5 in Translocations
 63827 | Depths:3 | Reached skill level 15 in Axes
 64770 | Depths:4 | Entered Level 4 of the Depths
 65267 | Depths:4 | Noticed a juggernaut
 65359 | Depths:4 | Killed a juggernaut
 65449 | Depths:4 | Found a gate to the Realm of Zot.
 65942 | Depths:4 | Found a sacrificial altar of Ru.
 66217 | Depths:4 | Found a one-way gateway to a ziggurat.
 66221 | Depths:4 | Paralysed by a floating eye for 2 turns
 66437 | Depths:4 | Identified the +1 leather armour of Miracles {Will+ Dex+3}
 66815 | Depths:1 | Bought the +1 cloak of the Apothecary {Str-3 Int+3 Slay+5}
                  | for 450 gold pieces
 67024 | Elf:1    | Bought a smoking chain mail for 285 gold pieces
 67024 | Elf:1    | Identified the +1 chain mail of Agoraphobia {rPois} (You
                  | bought it in a shop on level 1 of the Elven Halls)
 67090 | Elf:2    | Bought a bloodstained ring mail for 324 gold pieces
 67090 | Elf:2    | Identified the +5 ring mail of the Depths {rElec rPois
                  | rCorr} (You bought it in a shop on level 2 of the Elven
                  | Halls)
 67090 | Elf:2    | Bought a warped scale mail for 324 gold pieces
 67090 | Elf:2    | Identified the +4 scale mail of Evvegh {Regen+ Str+7} (You
                  | bought it in a shop on level 2 of the Elven Halls)
 67449 | Slime:2  | Reached XP level 23. HP: 215/215 MP: 31/40
 67742 | Slime:5  | Entered Level 5 of the Pits of Slime
 67789 | Slime:5  | Noticed the Royal Jelly
 68164 | Slime:4  | Gained mutation: You are partially covered in iridescent
                  | scales. (AC +2) [a shining eye]
 68332 | Slime:5  | Noticed Dissolution
 68339 | Slime:5  | Killed the Royal Jelly
 68340 | Slime:5  | Reached skill level 5 in Dodging
 68343 | Slime:5  | Pacified Dissolution
 68810 | Slime:5  | Got the Directory of Sweltering Despicable Magic
 68820 | Slime:5  | Identified the +1 robe of Vehumet's Displeasure {Dex+7}
 68842 | Slime:5  | Found the necklace of Bloodlust {Fury *Rage Will++ Int-3
                  | Slay+6}
 68860 | Slime:5  | Identified the ring of Arrival {Fly Will+ Slay+3}
 68881 | Slime:5  | Got a slimy rune of Zot
 68903 | Slime:5  | Identified the ring "Yjaischik" {*Slow rElec Will+ Int+2}
 68913 | Slime:5  | Identified the amulet of the Heron {Fragile rElec Will+
                  | Regen+}
 69312 | Zot:1    | Entered Level 1 of the Realm of Zot
 69534 | Zot:2    | Noticed a golden dragon
 69559 | Zot:1    | Killed a golden dragon
 70084 | Zot:1    | Noticed a golden dragon
 70096 | Zot:1    | Killed a golden dragon
 70925 | Zot:2    | Found the +4 dragonskin cloak
 70925 | Zot:2    | Noticed Tiamat
 70991 | Zot:2    | Killed Tiamat
 71145 | Zot:2    | Learned a level 7 spell: Summon Hydra
 71880 | Zot:2    | Reached XP level 24. HP: 183/207 MP: 34/40
 72007 | Zot:2    | Noticed a Killer Klown
 72019 | Zot:2    | Killed a Killer Klown
 72020 | Zot:2    | Reached skill level 15 in Shields
 72110 | Zot:2    | Noticed a Killer Klown
 72126 | Zot:2    | Killed a Killer Klown
 72463 | Zot:3    | Noticed a curse toe
 72467 | Zot:3    | Pacified a curse toe
 72509 | Zot:3    | Noticed an orb of fire
 72509 | Zot:3    | Noticed an orb of fire
 72509 | Zot:3    | Noticed an orb of fire
 72511 | Zot:3    | Gained mutation: Your body sometimes deteriorates upon
                  | taking damage. [an orb of fire]
 72519 | Zot:3    | Gained mutation: You do not regenerate when monsters are
                  | visible. [an orb of fire]
 72527 | Zot:3    | Gained mutation: Your body often deteriorates upon taking
                  | damage. [an orb of fire]
 72528 | Zot:3    | Noticed a Killer Klown
 72531 | Zot:3    | Gained mutation: You occasionally lose the ability to read
                  | scrolls when taking damage. [an orb of fire]
 72541 | Zot:3    | Gained mutation: You have hidden genetic defects. [an orb
                  | of fire]
 72541 | Zot:3    | Gained mutation: Your spells are a little easier to cast,
                  | but a little less powerful. [an orb of fire]
 72543 | Zot:3    | Gained mutation: You are occasionally teleported next to
                  | monsters. [an orb of fire]
 72545 | Zot:3    | Gained mutation: You are weak. (Str -2) [an orb of fire]
 72548 | Zot:3    | Lost mutation: Your spells are a little easier to cast, but
                  | a little less powerful. [an orb of fire]
 72549 | Zot:3    | Gained mutation: Potions are less effective at restoring
                  | your health. [an orb of fire]
 72559 | Zot:3    | Killed an orb of fire
 72562 | Zot:3    | Gained mutation: You are frail. (-10% HP) [an orb of fire]
 72566 | Zot:3    | Pacified a Killer Klown
 72566 | Zot:3    | Killed an orb of fire
 72572 | Zot:3    | Killed an orb of fire
 72929 | Zot:3    | Reached skill level 10 in Armour
 73934 | Zot:3    | Gained mutation: Your spells are a little easier to cast,
                  | but a little less powerful. [hidden defects]
 74145 | Zot:3    | Lost mutation: Potions are less effective at restoring your
                  | health. [potion of mutation]
 74145 | Zot:3    | Lost mutation: You are partially covered in iridescent
                  | scales. (AC +2) [potion of mutation]
 74145 | Zot:3    | Lost mutation: You have hidden genetic defects. [potion of
                  | mutation]
 74145 | Zot:3    | Lost mutation: You are frail. (-10% HP) [potion of
                  | mutation]
 74145 | Zot:3    | Gained mutation: You have a pair of small antennae on your
                  | head. [potion of mutation]
 74616 | Slime:5  | Lost mutation: You are occasionally teleported next to
                  | monsters. [potion of mutation]
 74616 | Slime:5  | Lost mutation: You occasionally lose the ability to read
                  | scrolls when taking damage. [potion of mutation]
 74616 | Slime:5  | Lost mutation: You do not regenerate when monsters are
                  | visible. [potion of mutation]
 74616 | Slime:5  | Gained mutation: You occasionally lose the ability to drink
                  | potions when taking damage. [potion of mutation]
 74616 | Slime:5  | Gained mutation: You passively map a small area around you.
                  | [potion of mutation]
 74617 | Slime:5  | Lost mutation: You occasionally lose the ability to drink
                  | potions when taking damage. [potion of mutation]
 74617 | Slime:5  | Lost mutation: You have a pair of small antennae on your
                  | head. [potion of mutation]
 74617 | Slime:5  | Lost mutation: Your spells are a little easier to cast, but
                  | a little less powerful. [potion of mutation]
 74617 | Slime:5  | Lost mutation: You are weak. (Str -2) [potion of mutation]
 74617 | Slime:5  | Gained mutation: You are weak. (Str -2) [potion of
                  | mutation]
 74618 | Slime:5  | Lost mutation: You are weak. (Str -2) [potion of mutation]
 74618 | Slime:5  | Lost mutation: Your body often deteriorates upon taking
                  | damage. [potion of mutation]
 74618 | Slime:5  | Gained mutation: You have a pair of small horns on your
                  | head. [potion of mutation]
 74618 | Slime:5  | Gained mutation: Your system is resistant to poisons.
                  | (rPois) [potion of mutation]
 76860 | Zot:3    | Identified the +0 scale mail of the Big Bang {Dex+3}
 77086 | Zot:3    | Identified the +0 robe of Modesty {rN+ SInv}
 77875 | Zot:4    | Noticed a curse toe
 77876 | Zot:4    | Pacified a curse toe
 78741 | Zot:4    | Reached XP level 25. HP: 119/238 MP: 14/40
 79040 | Zot:5    | Entered Level 5 of the Realm of Zot
 79228 | Zot:5    | Identified the +3 scimitar "Naisso" {elec, rC++ Dex+8}
 79234 | Zot:5    | Found a runed translucent door.
 79235 | Zot:5    | Noticed particleface's ghost (veteran MeSu)
 79471 | Zot:5    | Noticed a dread lich
 79488 | Zot:5    | Killed a dread lich
 79591 | Zot:5    | Noticed a Killer Klown
 79609 | Zot:5    | Killed a Killer Klown
 79721 | Zot:5    | Noticed an orb of fire
 79743 | Zot:5    | Gained mutation: Armour fits poorly on your strangely
                  | shaped body. [an orb of fire]
 79754 | Zot:5    | Noticed an orb of fire
 79760 | Zot:5    | Gained mutation: You are weak. (Str -2) [an orb of fire]
 79764 | Zot:5    | Gained mutation: Your body often deteriorates upon taking
                  | damage. [an orb of fire]
 79765 | Zot:5    | Gained mutation: You have hidden genetic defects. [an orb
                  | of fire]
 79769 | Zot:5    | Killed an orb of fire
 79775 | Zot:5    | Gained mutation: You are very weak. (Str -4) [an orb of
                  | fire]
 79778 | Zot:5    | Gained mutation: You are vulnerable to heat. (rF-) [an orb
                  | of fire]
 79791 | Zot:5    | Killed an orb of fire
 80120 | Zot:5    | Noticed a Killer Klown
 80137 | Zot:5    | Killed a Killer Klown
 80209 | Zot:5    | Noticed an orb of fire
 80212 | Zot:5    | Lost mutation: You passively map a small area around you.
                  | [potion of mutation]
 80212 | Zot:5    | Lost mutation: You have a pair of small horns on your head.
                  | [potion of mutation]
 80212 | Zot:5    | Lost mutation: You are very weak. (Str -4) [potion of
                  | mutation]
 80212 | Zot:5    | Gained mutation: Your mind is acute. (Int +4, Str/Dex -1)
                  | [potion of mutation]
 80212 | Zot:5    | Lost mutation: Your body often deteriorates upon taking
                  | damage. [potion of mutation]
 80212 | Zot:5    | Lost mutation: You have hidden genetic defects. [potion of
                  | mutation]
 80212 | Zot:5    | Gained mutation: You are covered in fur. (AC +1) [potion of
                  | mutation]
 80213 | Zot:5    | Lost mutation: Your mind is acute. (Int +4, Str/Dex -1)
                  | [potion of mutation]
 80213 | Zot:5    | Lost mutation: Your system is resistant to poisons. (rPois)
                  | [potion of mutation]
 80213 | Zot:5    | Gained mutation: You have an increased reservoir of magic.
                  | (+10% MP) [potion of mutation]
 80213 | Zot:5    | Gained mutation: You are vulnerable to cold. (rC-) [potion
                  | of mutation]
 80213 | Zot:5    | Gained mutation: Your mind is acute. (Int +4, Str/Dex -1)
                  | [potion of mutation]
 80215 | Zot:5    | Lost mutation: Armour fits poorly on your strangely shaped
                  | body. [potion of mutation]
 80215 | Zot:5    | Lost mutation: You are vulnerable to cold. (rC-) [potion of
                  | mutation]
 80215 | Zot:5    | Gained mutation: You have a pair of small antennae on your
                  | head. [potion of mutation]
 80216 | Zot:5    | Lost mutation: You are covered in fur. (AC +1) [potion of
                  | mutation]
 80216 | Zot:5    | Lost mutation: You are vulnerable to heat. (rF-) [potion of
                  | mutation]
 80216 | Zot:5    | Lost mutation: You are weak. (Str -2) [potion of mutation]
 80216 | Zot:5    | Gained mutation: You expend magic power (3 MP) to
                  | strengthen your wands. [potion of mutation]
 80250 | Zot:5    | Gained mutation: Potions are less effective at restoring
                  | your health. [an orb of fire]
 80254 | Zot:5    | Gained mutation: Your spells are a little easier to cast,
                  | but a little less powerful. [an orb of fire]
 80259 | Zot:5    | Gained mutation: Your body often deteriorates upon taking
                  | damage. [an orb of fire]
 80261 | Zot:5    | Gained mutation: You occasionally shout uncontrollably at
                  | your foes. [an orb of fire]
 80263 | Zot:5    | Killed an orb of fire
 80873 | Zot:5    | Noticed an orb of fire
 80896 | Zot:5    | Lost mutation: You have an increased reservoir of magic.
                  | (+10% MP) [an orb of fire]
 80897 | Zot:5    | Killed an orb of fire
 80987 | Zot:5    | Noticed an ancient lich
 81011 | Zot:5    | Killed an ancient lich
 81607 | Zot:5    | Noticed an orb of fire
 81635 | Zot:5    | Gained mutation: You occasionally lose the ability to read
                  | scrolls when taking damage. [an orb of fire]
 81643 | Zot:5    | Gained mutation: You do not regenerate when monsters are
                  | visible. [an orb of fire]
 81645 | Zot:5    | Killed an orb of fire
 81864 | Zot:5    | Noticed a Killer Klown
 81882 | Zot:5    | Killed a Killer Klown
 82014 | Zot:5    | Noticed an orb of fire
 82017 | Zot:5    | Gained mutation: Your spells are easier to cast, but less
                  | powerful. [an orb of fire]
 82018 | Zot:5    | Lost mutation: You expend magic power (3 MP) to strengthen
                  | your wands. [an orb of fire]
 82032 | Zot:5    | Killed an orb of fire
 82970 | Zot:5    | Lost mutation: Your spells are easier to cast, but less
                  | powerful. [potion of mutation]
 82970 | Zot:5    | Lost mutation: You occasionally lose the ability to read
                  | scrolls when taking damage. [potion of mutation]
 82970 | Zot:5    | Lost mutation: You occasionally shout uncontrollably at
                  | your foes. [potion of mutation]
 82970 | Zot:5    | Gained mutation: You are vulnerable to cold. (rC-) [potion
                  | of mutation]
 82970 | Zot:5    | Lost mutation: Your spells are a little easier to cast, but
                  | a little less powerful. [potion of mutation]
 83427 | Zot:5    | Noticed an orb of fire
 83438 | Zot:5    | Gained mutation: You are weak. (Str -2) [an orb of fire]
 83458 | Zot:5    | Killed an orb of fire
 83701 | Zot:5    | Gained mutation: You occasionally lose the ability to drink
                  | potions when taking damage. [mutagenic glow]
 83747 | Zot:5    | Lost mutation: You occasionally lose the ability to drink
                  | potions when taking damage. [mutagenic glow]
 83771 | Zot:5    | Noticed an orb of fire
 83772 | Zot:5    | Gained mutation: You occasionally lose the ability to drink
                  | potions when taking damage. [an orb of fire]
 83786 | Zot:5    | Killed an orb of fire
 84609 | Zot:5    | Got the Orb of Zot
 85061 | D:9      | Noticed Rymoc the pandemonium lord
 85116 | D:10     | Noticed Vyvex the pandemonium lord
 85118 | D:9      | Acquired 862 gold pieces
 85347 | D:$      | Escaped with the Orb!

Illustrated notes

Levels and vault maps discovered:
D:1:      dpeg_arrival_tiny_j, layout_basic
D:2:      layout_loops_ring, uniq_natasha
D:3:      layout_rooms, portal_sewer_entry_a,
          chequers_ecumenical_altar_simple_redux, chequers_serial_rivers_room_a
D:4:      layout_loops_cross, minmay_temple_entry_glassed_door
D:5:      layout_rooms, chequers_temple_overflow_minitemple,
          gammafunk_ghost_split
D:6:      layout_loops_ring, gammafunk_temple_overflow_wave
D:7:      layout_basic, grunt_dithmenos_smoke_and_mirrors
D:8:      layout_gridville, mainiacjoe_overflow_six_doors_small,
          kennysheep_mini_moat
D:9:      layout_loops_corners, dpeg_lair_monsters, ebering_ghost_rock_garden
D:10:     dragon1_lemuel, layout_cross, gammafunk_ghost_hydra_chop,
          minmay_checkerbox
D:11:     layout_loops_ring, david_orc_3, disabler_island, uniq_fannar
D:12:     minmay_cornered_nines, layout_irregular_city
D:13:     layout_stronghold, david_vaults_4, uniq_josephine
D:14:     layout_roguey [special_room_orc], serial_bayou, serial_bayou_lagoon_b,
          serial_bayou_shore_a, serial_bayou_shore_b, serial_bayou_lake_a,
          uniq_azrael
D:15:     hangedman_depths_entry_civil_slaughter, layout_rooms,
          portal_ice_cave_entry_pillars_four, hangedman_decor_opposing
Temple:   dshaligram_water_room_temple
Lair:1:   layout_misc_corridors, basic_altar, minivault_25
Lair:2:   nzn_winding_woodlands_three_and_one
          [nzn_winding_woodlands_5x15_parted, nzn_winding_woodlands_5x15_twine,
          nzn_winding_woodlands_5x15_split_checker,
          nzn_winding_woodlands_center_lodge], layout_loops_ring,
          shoals_dummy_entry, st_stairs_8
Lair:3:   layout_cave_pods, minmay_snake_entry_guardpost_small,
          gammafunk_ghost_split, basic_altar, lemuel_fruit_tree,
          grunt_megastairs_4
Lair:4:   layout_regular_city
Lair:5:   grunt_lair_end_beastmaster, layout_small_grid,
          nicolae_slime_entry_slimehenge, kennysheep_abandoned_house,
          grunt_megastairs_5, uniq_snorg, uniq_nessos
Shoals:1: cheibrodos_shoals_satyrical_garden, layout_shoals
Shoals:2: layout_shoals, uniq_nikola
Shoals:3: layout_shoals, nicolae_shoals_lost_giant_hut,
          nicolae_shoals_isolated_beach, uniq_ilsuiw
Shoals:4: shoals_end_simple, layout_shoals, nicolae_shoals_stone_sculpture_thing
Snake:1:  layout_misc_corridors, grunt_megastairs_1, minmay_shop_grove
Snake:2:  layout_misc_corridors, ebering_ghost_rock_garden, serial_shops, shop,
          nicolae_stop_n_shop_1
Snake:3:  layout_layer_cave, serial_shops, shop, hangedman_snake_corridor_split,
          grunt_megastairs_3
Snake:4:  grunt_snake_rune_pools, layout_onion, uniq_mara, uniq_vashnia
Slime:1:  layout_caves
Slime:2:  layout_caves
Slime:3:  layout_caves
Slime:4:  layout_caves
Slime:5:  uniq_dissolution
Orc:1:    layout_caves, ebering_ghost_gozag, enter_volcano_3
Orc:2:    st_orc_elflike, layout_diamond_mine, serial_shops, shop, special_room,
          nicolae_orc_rich_vein
Elf:1:    layout_geoelf_diagonals, serial_shops, nicolae_shop_trees,
          minmay_elf_annihilation, minivault_25_ag, billiards_dpeg, uniq_jorgrun
Elf:2:    elven_hall_of_blades_hangedman_original [nooodl_blade_entry_preview],
          layout_loops_ring, minivault_23, nicolae_wooded_promenade
Elf:3:    minmay_elf_hall_dome, layout_gridlike, serial_shops,
          nicolae_shop_overgrown_old_shop
Depths:1: minmay_slanted_spiral_squares, layout_gridlike, okawaru_gym_becter,
          gammafunk_ghost_necromancy, rand_demon_pan_entry_7, abyss_entry,
          serial_shops, shop, hangedman_geh_valley,
          nemelex_diamond_rough_becter, serial_bayou_shore_b, firewood_loft,
          uniq_asterion, uniq_sojobo
Depths:2: minmay_the_grid_octo_tiled_squarecenter_mashed
          [minmay_the_grid_octo_chip, minmay_the_grid_octo_thin_diamonds,
          minmay_the_grid_octo_teeth, minmay_the_grid_octo_vomiting_pacman,
          minmay_the_grid_square_5x5_megaprize_crossed,
          minmay_the_grid_square_5x5_moneybag,
          minmay_the_grid_square_5x5_bridge, minmay_the_grid_square_5x5_plus,
          minmay_the_grid_square_5x5_fat_x], layout_long_grid, pan_entry,
          minmay_stone_trees_small, hangedman_coc_ice_floe,
          infiniplex_staircase_zigzag_5, serial_bayou_shore_b,
          serial_bayou_shore_b
Depths:3: cheibrodos_birdhouse, layout_basic, abyss_entry, hell_entry
Depths:4: evilmike_zot_entry_diamond, layout_gridlike, enter_ziggurat_d,
          dk_noncrumbling_2, hellmouth_1, hangedman_ru_absence
Zot:1:    layout_gridville
Zot:2:    circus_mu, layout_twisted_circle, uniq_tiamat
Zot:3:    minmay_elemental_castle, layout_onion, lemuel_lake_of_fire
Zot:4:    layout_basic
Zot:5:    layout_basic, gammafunk_ghost_grave, lemuel_baited_zot_trap,
          skrybe_zot_glass_2

Skill      XL: |  1  2  3  4  5  6  7  8  9 10 11 12 13 14 15 16 17 18 19 20 21 22 23 24 25 |
---------------+----------------------------------------------------------------------------+-----
Fighting       | 1 3 4 5 8 11 13 18 20 22 | 22.2
Spellcasting   | 2 3 4 6 7 8 |  8.0
Summonings     | 5 6 8 10 12 13 15 16 18 | 18.0
Ranged Weapons | 1 3 |  3.0
Armour         | 2 6 8 12 | 12.0
Hexes          | 2 3 5 6 7 |  7.0
Invocations    | 2 7 11 13 17 21 23 24 25 26 27 | 27.0
Air Magic      | 2 3 4 |  4.0
Ice Magic      | 3 4 5 |  5.0
Evocations     | 4 6 8 10 | 10.0
Dodging        | 2 4 6 |  6.0
Shields        | 5 10 12 13 14 16 20 | 20.5
Axes           | 4 10 18 19 20 | 20.0
Translocations | 4 6 |  6.0
Stealth        | |  1.5

Action                     |  1- 3 |  4- 6 |  7- 9 | 10-12 | 13-15 | 16-18 | 19-21 | 22-24 | 25-27 || total
---------------------------+-------+-------+-------+-------+-------+-------+-------+-------+-------++-------
  Melee: Unarmed           |    12 |       |       |       |       |       |       |       |       ||    12
         Sling             |       |       |     1 |       |       |       |       |       |       ||     1
         Broad axe         |       |       |       |       |       |       |   434 |  1305 |   484 ||  2223
         Headbutt          |       |       |       |       |       |       |       |    99 |    37 ||   136
   Fire: Sling             |       |   126 |   365 |   311 |   711 |   686 |   558 |       |       ||  2757
   Cast: Summon Small Mamm |    26 |       |     3 |     2 |       |       |       |       |       ||    31
         Call Imp          |    12 |     6 |     2 |       |       |       |       |       |       ||    20
         Call Canine Famil |       |     6 |    24 |    29 |    39 |    89 |   139 |     6 |     5 ||   337
         Summon Guardian G |       |       |    16 |    38 |    70 |   200 |   134 |    24 |     1 ||   483
         Summon Lightning  |       |       |       |    26 |    99 |   129 |   101 |    12 |       ||   367
         Summon Ice Beast  |       |       |       |    13 |   104 |   105 |   143 |    11 |     2 ||   378
         Summon Cactus Gia |       |       |       |       |       |       |    48 |   143 |    39 ||   230
         Summon Mana Viper |       |       |       |       |       |       |     9 |    41 |    31 ||    81
         Summon Forest     |       |       |       |       |       |       |     7 |    67 |    16 ||    90
         Summon Hydra      |       |       |       |       |       |       |       |     3 |    16 ||    19
 Invoke: Heal Self         |       |       |       |     5 |     2 |     6 |     7 |    20 |     9 ||    49
         Purification      |       |       |       |     2 |       |     2 |     2 |     2 |       ||     8
         Heal Other        |       |       |       |     1 |     7 |    39 |    42 |    16 |       ||   105
         Divine Vigour     |       |       |       |       |       |       |       |     2 |       ||     2
Ability: Evoke Blink       |       |       |       |       |     2 |     8 |     7 |    17 |     1 ||    35
  Evoke: Wand              |       |       |       |       |     6 |    29 |    35 |    18 |     2 ||    90
         Tin of tremorston |       |       |       |       |       |       |     6 |     5 |       ||    11
         Box of beasts     |       |       |       |       |       |       |     3 |     3 |     1 ||     7
         Phantom mirror    |       |       |       |       |       |       |     2 |     1 |       ||     3
         Phial of floods   |       |       |       |       |       |       |     2 |     1 |     1 ||     4
         Piece from Xom's  |       |       |       |       |       |       |     1 |     1 |       ||     2
    Use: Potion            |       |       |     3 |       |     1 |     3 |     5 |    15 |    14 ||    41
         Scroll            |       |       |       |    12 |    11 |     6 |    25 |    14 |     4 ||    72
   Stab: Distracted        |     1 |       |       |       |       |       |     2 |    26 |    15 ||    44
         Sleeping          |       |       |       |       |       |       |     5 |     2 |       ||     7
 Armour: Robe              |    16 |    26 |    61 |    26 |       |       |       |       |       ||   129
         Acid dragon scale |       |       |       |    73 |   103 |       |       |       |       ||   176
         Troll leather arm |       |       |       |       |   153 |   239 |   340 |    72 |       ||   804
         Scale mail        |       |       |       |       |       |       |       |   256 |    78 ||   334
  Dodge: Dodged            |    24 |    30 |   146 |   184 |   385 |   863 |  1175 |   587 |   133 ||  3527
  Block: Tower shield      |       |       |       |       |       |       |   854 |  1421 |   335 ||  2610

Table legend: (Time is in decaauts)
 A = Elapsed time spent in this place.
 B = Non-inter-level travel time spent in this place.
 C = Inter-level travel time spent in this place.
 D = Time resting spent in this place.
 E = Time spent auto-exploring this place.
 F = Levels seen in this place.
 G = Mean time per level.
                   A        B        C        D        E       F      G
               +--------+--------+--------+--------+--------+-----+--------+
         Total |  86993 |  80188 |   6805 |  13999 |  45880 |  50 | 1739.9 |
       Dungeon |  22305 |  20063 |   2242 |   1291 |  14549 |  15 | 1487.0 |
        Temple |    157 |    135 |     22 |      0 |    124 |   1 |  157.0 |
          Lair |  10827 |   9369 |   1458 |   1536 |   6021 |   5 | 2165.4 |
        Shoals |   7226 |   6792 |    434 |   1436 |   3119 |   4 | 1806.5 |
     Snake Pit |   9835 |   9401 |    434 |   1393 |   5194 |   4 | 2458.8 |
    Slime Pits |   2116 |   1940 |    176 |    625 |    473 |   5 |  423.2 |
  Orcish Mines |   2799 |   2333 |    466 |    225 |   1294 |   2 | 1399.5 |
   Elven Halls |   6180 |   5824 |    356 |    988 |   2911 |   3 | 2060.0 |
        Depths |   9480 |   8821 |    659 |   1596 |   4965 |   4 | 2370.0 |
           Zot |  14572 |  14017 |    555 |   4830 |   6459 |   5 | 2914.4 |
         Sewer |    211 |    211 |      0 |      0 |    147 |   1 |  211.0 |
       Volcano |   1280 |   1280 |      0 |     77 |    620 |   1 | 1280.0 |
               +--------+--------+--------+--------+--------+-----+--------+

Top non-repeatable levels by time:
   Zot:5: 5365 daAuts
   Zot:3: 3867 daAuts
 Snake:3: 3202 daAuts
     D:9: 3176 daAuts
Depths:2: 3070 daAuts
Depths:1: 2836 daAuts
 Snake:4: 2793 daAuts
  Lair:5: 2443 daAuts
    D:10: 2431 daAuts
  Lair:3: 2355 daAuts
Shoals:4: 2335 daAuts
  Lair:2: 2280 daAuts
  Lair:4: 2219 daAuts
   Elf:2: 2157 daAuts
 Snake:1: 2129 daAuts
